 Dungeon Crawl Stone Soup version 0.30-a0-824-g6c64550be9 (webtiles) character file.

Game seed: 1566122658346545144

10 qeuew the Trooper (level 2, 9/24 HPs)
             Began as a Demonspawn Monk on Feb 27, 2023.
             Quit the game on level 1 of the Dungeon.
             The game lasted 00:00:22 (281 turns).

qeuew the Trooper (Demonspawn Monk)                  Turns: 281, Time: 00:00:23

Health: 9/24       AC:  2    Str: 11    XL:     2   Next: 10%
Magic:  2/2        EV: 13    Int: 11    God:
Gold:   12         SH:  0    Dex: 15    Spells: 1/1 levels left

rFire   . . .      SeeInvis .    a - +0 falchion
rCold   . . .      Faith    .    (no shield)
rNeg    . . .      Spirit   .    b - +0 robe
rPois   .          Reflect  .    (helmet restricted)
rElec   .          Harm     .    (no cloak)
rCorr   .          Rampage  .    (no gloves)
Will    .....                    (no boots)
Stlth   ++                       (no amulet)
HPRegen 0.24/turn                (no ring)
MPRegen 0.08/turn                (no ring)

@: no status effects
A: antennae 1
a: no special abilities


You were on level 1 of the Dungeon.
You visited 1 branch of the dungeon, and saw 1 of its levels.

You collected 12 gold pieces.

Inventory:

Hand Weapons
 a - a +0 falchion (weapon)
Armour
 b - a +0 robe (worn)
Scrolls
 d - a scroll of teleportation {unknown}
 g - a scroll of immolation {unknown}
Potions
 c - a potion of ambrosia
 e - a potion of curing {unknown}
 f - a potion of degeneration {unknown}


   Skills:
 + Level 3.1 Fighting
 * Level 2.9 Long Blades
 * Level 0.7 Armour
 + Level 2.7 Dodging
 - Level 1.7 Stealth


You had one spell level left.
You didn't know any spells.
Your spell library was empty.

Dungeon Overview and Level Annotations

Branches:
Dungeon (1/15)

Altars:


Innate Abilities, Weirdness & Mutations

You have a pair of small antennae on your head.


Message History

a +0 dagger; 3 stones A goblin comes into view.
It is wielding a +0 dagger.
A goblin is nearby!
A goblin is nearby!
A goblin is nearby!
A ball python comes into view.
The ball python hisses angrily.
The goblin shouts!
You hear a shout!
A quokka comes into view.
The goblin hits you with a +0 dagger.
You barely miss the goblin.
A kobold comes into view. It is wielding a +0 club.
The goblin hits you with a +0 dagger.
You completely miss the ball python. The ball python bites you.
The ball python grabs you. The ball python constricts you.
The goblin barely misses you.
You hit the ball python.
You kill the ball python!
The goblin hits you with a +0 dagger. The goblin barely misses you.
You barely miss the goblin.
A bat comes into view.
The goblin hits you with a +0 dagger.
You closely miss the quokka. The quokka closely misses you.
The goblin barely misses you.
You closely miss the quokka. The bat closely misses you.
The quokka barely misses you. The goblin hits you with a +0 dagger.
The quokka bites you.
You are too injured to fight recklessly!
You are too injured to fight recklessly!
You are too injured to fight recklessly!
You are too injured to fight recklessly!
You are too injured to fight recklessly!
You are too injured to fight recklessly!
You are too injured to fight recklessly!
You are too injured to fight recklessly!
You are too injured to fight recklessly!
You are too injured to fight recklessly!
You are too injured to fight recklessly!
You are too injured to fight recklessly!
You are too injured to fight recklessly!
Are you sure you want to abandon this character and quit the game? (Confirm with "yes".)

........^#######.#
.#####...### ##.####
#.......####...)..
#..............### #
#.###.......####...###
..#......$.### #......
###.#####...###
#......
.......b......#
#.#####
......r@..###.# #.
#.#.##g##.# .# #. #K
#.# # .. #. #.# #. ..#
#. ..# +. .. ##


You could see a quokka, a goblin, a bat and a kobold.

Vanquished Creatures
  2 bats (D:1)
  2 endoplasms (D:1)
  A goblin (D:1)
  A kobold (D:1)
  3 ball pythons (D:1)
9 creatures vanquished.

Notes
Turn   | Place    | Note
-------+----------+-------------------------------------------
     0 | D:1      | qeuew the Demonspawn Monk began the quest for the Orb.
     0 | D:1      | Reached XP level 1. HP: 18/18 MP: 1/1
   248 | D:1      | Gained mutation: You have a pair of small antennae on your
                  | head. [demonic ancestry]
   248 | D:1      | Reached XP level 2. HP: 23/24 MP: 2/2
   281 | D:1      | Quit the game

Illustrated notes

Levels and vault maps discovered:
D:1:      dpeg_arrival_tiny_h, layout_loops_ring,
          dreamdust_ecumenical_altar_drowned_temple, minmay_fountain_box

Action                     || total
---------------------------++-------
  Melee: Falchion          ||    23
   Stab: Sleeping          ||     2
 Armour: Robe              ||     2
  Dodge: Dodged            ||    21

Table legend: (Time is in decaauts)
 A = Elapsed time spent in this place.
 B = Non-inter-level travel time spent in this place.
 C = Inter-level travel time spent in this place.
 D = Time resting spent in this place.
 E = Time spent auto-exploring this place.
 F = Levels seen in this place.
 G = Mean time per level.
                   A        B        C        D        E       F      G
               +--------+--------+--------+--------+--------+-----+--------+
         Total |    284 |    284 |      0 |      0 |    217 |   1 |  284.0 |
       Dungeon |    284 |    284 |      0 |      0 |    217 |   1 |  284.0 |
               +--------+--------+--------+--------+--------+-----+--------+

Top non-repeatable levels by time:
     D:1: 284 daAuts
